Map: Amphion LE

Players

BreadForceXY

  • Race: Protoss Protoss
  • League: Diamond
  • Spawn Location: 11:00

TwentyQueens - Winner!

  • Race: Zerg Zerg
  • League: Diamond
  • Spawn Location: 7:00

VOD

Have the link to the VOD?

Description

Time

  • Played on: May 29, 2024, 2:28 a.m.
  • Length: 6:14
Show
View Real Time Build Order
Export as new Build Order

BreadForceXY Protoss 

Build Orders: 1 Gate Expand 

Get SALT Encoding   

  12  0:00  Probe  
  13  0:12  Probe  
  14  0:21  Pylon  
  14  0:25  Probe  
  15  0:40  Probe (Chrono Boost)  
  16  0:43  Gateway  
  16  0:50  Probe (Chrono Boost)  
  16  0:54  Assimilator  
  16  0:56  Probe  
  18  1:08  Probe  
  19  1:20  Probe (Chrono Boost)  
  20  1:31  Probe (Chrono Boost)  
  21  1:34  Nexus  
  21  1:44  Cybernetics Core  
  21  1:52  Pylon  
  21  1:54  Assimilator  
  21  1:57  Probe  
  22  2:10  Gateway  
  22  2:17  Adept (Chrono Boost)  
  22  2:21  Warp Gate  
  24  2:23  Probe  
  25  2:35  Probe (Chrono Boost)  
  26  2:43  Stalker  
  28  2:46  Probe (Chrono Boost)  
  30  2:53  Probe (Chrono Boost)  
  30  2:55  Probe (Chrono Boost), Twilight Council  
  31  3:00  Probe (Chrono Boost)  
  31  3:03  Adept  
  34  3:06  Probe (Chrono Boost)  
  36  3:16  Probe (Chrono Boost)  
  36  3:19  Probe (Chrono Boost)  
  37  3:24  Probe (Chrono Boost)  
  37  3:26  Probe (Chrono Boost)  
  39  3:30  Pylon  
  39  3:33  Probe  
  40  3:36  Adept  
  40  3:37  Resonating Glaives (Chrono Boost), Adept  
  44  3:43  Probe  
  44  3:47  Probe  
  46  3:56  Gateway  
  46  3:59  Gateway  
  46  4:03  Gateway  
  46  4:05  Probe  
  46  4:06  Probe  
  48  4:24  Probe x2  
  48  4:25  Adept x2  
  53  4:32  Nexus  
  53  4:39  Probe  
  54  4:58  Pylon  
  54  5:09  Pylon  
  54  5:13  Forge  
  54  5:17  Adept x4  
  62  5:32  Probe x2  
  64  5:36  Assimilator  
  64  5:37  Assimilator  
  64  5:41  Templar Archives  
  64  5:43  Gateway  
  64  5:44  Forge  
  64  5:47  Probe x2  
  64  5:49  Shield Battery  
  66  5:55  Zealot x3  
  66  5:56  Zealot x2  
Show
View Real Time Build Order
Export as new Build Order

TwentyQueens Zerg - Winner!

Build Orders: Hatch First, Roach Nydus 

Get SALT Encoding   

  12  0:01  Drone  
  13  0:12  Overlord  
  13  0:18  Drone  
  14  0:31  Drone x2  
  16  0:50  Hatchery  
  16  0:53  Drone  
  16  0:58  Drone  
  16  1:01  Drone  
  18  1:13  Extractor  
  18  1:18  Spawning Pool  
  16  1:20  Drone  
  16  1:24  Drone  
  18  1:30  Drone  
  19  1:44  Drone  
  20  1:50  Drone  
  21  2:02  Drone  
  21  2:03  Drone  
  21  2:05  Queen x2  
  27  2:11  Drone  
  27  2:13  Overlord  
  28  2:22  Overlord  
  28  2:38  Drone  
  28  2:39  Drone, Hatchery  
  28  2:42  Drone  
  30  2:45  Drone x2  
  32  2:55  Overlord  
  32  3:02  Drone  
  33  3:12  Drone x2  
  35  3:16  Drone x6  
  41  3:24  Drone  
  41  3:25  Roach Warren  
  41  3:26  Drone  
  42  3:29  Drone  
  42  3:31  Drone  
  44  3:36  Extractor  
  44  3:38  Extractor  
  44  3:39  Lair  
  42  3:42  Drone  
  42  3:43  Drone  
  44  3:49  Overlord x2  
  44  3:53  Queen  
  46  4:00  Drone  
  46  4:01  Overlord  
  47  4:08  Roach x5  
  57  4:10  Roach  
  59  4:20  Roach x3  
  65  4:25  Roach x2  
  65  4:27  Roach  
  65  4:28  Roach  
  73  4:33  Roach  
  73  4:36  Glial Reconstitution  
  75  4:43  Nydus Network  
  76  4:45  Roach  
  76  4:47  Roach  
  78  4:53  Overseer  
  78  4:55  Overlord x2  
  78  4:56  Overlord  
  78  4:59  Overlord  
  78  5:05  Roach x2  
  82  5:22  Roach x7  
  96  5:31  Nydus Canal  
  96  5:34  Roach  
  100  5:43  Roach x3, Overlord  
  100  5:44  Overlord  
Tags
 
Add a new tag
Caveats
  • Supply blocks, unpowered buildings, or Contaminate may cause inaccurate times.
  • Supply counts are checked every 10 seconds.